Capitals vs Penguins
Created - November 17, 2024 at 21:05
Goals
|
| Capitals |
0 |
2 |
0 |
2 |
| Penguins |
0 |
3 |
0 |
3 |
|
Shots
|
| Capitals |
13 |
16 |
13 |
42 |
| Penguins |
8 |
16 |
9 |
33 |
|
1st period
No Goal
Penalties :
Bobby Ryan (Was) for High sticking (Minor) at 11:28, Sebastian Aho (Pit) for Holding (Minor) at 19:02
2nd period
1. Capitals , Nicklas Backstrom 1 (Patrick Kane 4) at 4:56
2. Penguins , Brandon Tanev 5 (Marcus Foligno 6, Gavin Bayreuther 9) at 7:02
3. Penguins , John Tavares 4 (Mark Scheifele 6, Kirill Kaprizov 1) at 12:52
4. Capitals , Patrick Kane 8 (Nicklas Backstrom 11) at 16:54
5. Penguins , John Tavares 5 (Mark Scheifele 7) at 18:42
Penalties :
Taylor Hall (Was) for Cross-checking (Minor) at 12:55
3rd period
No Goal
Penalties :
Phil Kessel (Was) for Roughing (Minor) at 1:31, Taylor Hall (Was) for Interference (Minor) at 6:34, Keith Aulie (Pit) for High sticking (Minor) at 14:23
Goalie Stats
Chet Pickard (Was), 30 saves from 33 shots - (0.909), L, 0-2-0, 58:45 minutes
Jeremy Swayman (Pit), 40 saves from 42 shots - (0.952), W, 7-2-1, 60:00 minutes
Players Stats for Capitals
Player Name G A P +/- PIM S H SB GA TA FO MP PP MP PK MP
------------------------------------------------------------------------------------
Alexei Marchenko 0 0 0 -2 0 0 1 0 1 1 0/0 28:54 2:42 3:59
Blake Pietila 0 0 0 0 0 0 0 0 0 0 0/0 9:04 0:00 3:02
Bobby Ryan 0 0 0 -1 2 2 0 0 0 0 0/1 14:50 1:38 0:00
Brandon Burlon 0 0 0 0 0 0 1 2 1 0 0/0 13:03 0:00 0:13
Brandon Gormley 0 0 0 -2 0 4 1 1 0 0 0/0 28:54 2:42 3:59
Cody Hodgson 0 0 0 -1 0 2 0 0 0 0 6/12 16:35 1:38 2:01
Colten Teubert 0 0 0 0 0 1 0 0 1 0 0/0 12:49 0:00 0:13
Jeff Skinner 0 0 0 -1 0 4 0 0 1 0 1/1 14:09 0:00 1:05
Joe Colborne 0 0 0 -1 0 4 2 0 0 0 5/9 13:17 0:00 0:10
Marko Dano 0 0 0 -1 0 4 2 0 0 0 0/1 16:49 1:38 1:50
Mike Green 0 0 0 1 0 4 0 1 0 0 0/0 18:03 1:16 3:44
Nicklas Backstrom 1 1 2 1 0 4 1 0 0 2 11/28 19:45 2:20 1:40
Nicolas Aube-Kubel 0 0 0 -1 0 0 0 1 0 0 1/1 12:59 0:00 0:00
Patrick Kane 1 1 2 1 0 5 0 0 1 0 7/8 21:50 2:20 4:05
Phil Kessel 0 0 0 0 2 3 0 0 1 0 0/0 6:17 0:00 0:00
Sergey Kalinin 0 0 0 0 0 0 1 1 0 0 3/3 6:16 0:00 0:00
Shea Theodore 0 0 0 1 0 1 1 4 0 0 0/0 18:17 1:16 3:44
Taylor Hall 0 0 0 1 4 4 1 0 1 0 0/1 20:09 2:20 1:59
Players Stats for Penguins
Player Name G A P +/- PIM S H SB GA TA FO MP PP MP PK MP
------------------------------------------------------------------------------------
Aaron Ekblad 0 0 0 -1 0 1 1 2 0 0 0/0 28:18 5:16 2:31
Brandon Tanev 1 0 1 1 0 1 1 0 0 1 0/0 10:12 0:00 0:45
Colin Wilson 0 0 0 1 0 0 1 0 0 2 1/6 9:51 0:00 0:24
Evan Rodrigues 0 0 0 0 0 1 0 0 0 0 2/4 7:53 0:00 0:00
Gavin Bayreuther 0 1 1 2 0 2 1 1 0 1 0/0 18:41 2:40 0:00
Iven Barbashev 0 0 0 0 0 2 2 0 0 0 0/0 8:47 0:06 0:31
John Marino 0 0 0 0 0 4 1 0 0 0 0/0 11:42 0:00 0:22
John Tavares 2 0 2 2 0 5 3 0 1 0 17/33 20:26 4:54 0:45
Keith Aulie 0 0 0 2 2 1 0 3 0 0 0/0 20:14 2:40 1:05
Kirill Kaprizov 0 1 1 2 0 2 2 0 0 0 0/0 19:14 4:48 0:00
Marcus Foligno 0 1 1 1 0 2 2 0 0 0 0/0 12:28 0:00 2:42
Mark Scheifele 0 2 2 2 0 4 4 0 1 1 4/8 22:45 4:54 2:49
Mathew Barzal 0 0 0 0 0 1 0 0 0 0 0/0 7:53 0:00 0:00
Nick Leddy 0 0 0 0 0 0 1 0 0 0 0/0 12:26 0:00 1:16
Oscar Klefbom 0 0 0 -1 0 5 1 2 0 1 0/0 28:43 5:16 2:42
Pavel Zacha 0 0 0 -2 0 1 2 0 1 1 0/1 18:46 3:02 0:00
Sebastian Aho 0 0 0 -2 2 0 1 1 0 0 7/13 18:55 3:02 0:00
Tom Wilson 0 0 0 -2 0 1 1 2 0 0 0/0 18:46 3:02 0:00
3 Stars
1 - John Tavares (Pit)
2 - Jeremy Swayman (Pit)
3 - Mark Scheifele (Pit)
Power Play
Capitals - 0 on 2 Attempt(s) - 0.00%
Penguins - 0 on 4 Attempt(s) - 0.00%
Penalty Kill
Capitals - 4 on 4 Attempt(s) - 100.00%
- Score 0 goal in Penalty Kill
Penguins - 2 on 2 Attempt(s) - 100.00%
- Score 0 goal in Penalty Kill
Team Stat
Capitals - Hits : 11 - Faceoff Wins : 34 - Blocked Shots : 10 - Penalty Minutes : 8
Penguins - Hits : 24 - Faceoff Wins : 31 - Blocked Shots : 11 - Penalty Minutes : 4
Official
Referees : Conor O'Donnell and Chris Rooney
Linesman : Derek Nansen and Bevan Mills
Game Notes
No Game Note
Finance
Level 1 -- Attendance: 5761 (96.02%) -- Ticket Income $576,100
Level 2 -- Attendance: 4746 (94.92%) -- Ticket Income $332,220
Level 3 -- Attendance: 1945 (97.25%) -- Ticket Income $77,800
Level 4 -- Attendance: 4000 (100.00%) -- Ticket Income $120,000
Luxury Box -- Attendance: 1000 (100.00%) -- Ticket Income $200,000
Game was played at the PPG Paint Arena.
Total Attendance: 17452 (96.96%)
Total Ticket Income: $1,306,120
Other Income: $195,918
Total Income: $1,502,038
Capitals
5 vs 5 Forward
Center Left Wing Right Wing Time % Phy DF OF
1 Nicklas Backstrom Taylor Hall Patrick Kane 40 0 1 4
2 Cody Hodgson Marko Dano Bobby Ryan 30 0 1 4
3 Joe Colborne Jeff Skinner Nicolas Aube-Kubel 20 0 1 4
4 Sergey Kalinin Blake Pietila Phil Kessel 10 0 2 3
5 vs 5 Defense
Defense Defense Time % Phy DF OF
1 Brandon Gormley Alexei Marchenko 40 0 2 3
2 Mike Green Shea Theodore 30 0 2 3
3 Colten Teubert Brandon Burlon 20 0 3 2
4 Brandon Gormley Alexei Marchenko 10 0 3 2
PowerPlay Forward
Center Left Wing Right Wing Time % Phy DF OF
1 Nicklas Backstrom Taylor Hall Patrick Kane 60 0 0 5
2 Cody Hodgson Marko Dano Bobby Ryan 40 0 0 5
PowerPlay Defense
Defense Defense Time % Phy DF OF
1 Brandon Gormley Alexei Marchenko 60 0 2 3
2 Mike Green Shea Theodore 40 0 2 3
Penalty Kill 4 Players Forward
Center Wing Time % Phy DF OF
1 Patrick Kane Taylor Hall 60 0 3 2
2 Nicklas Backstrom Marko Dano 40 0 3 2
Penalty Kill 4 Players Defense
Defense Defense Time % Phy DF OF
1 Brandon Gormley Alexei Marchenko 60 0 4 1
2 Mike Green Shea Theodore 40 0 4 1
Penalty Kill - 3 Players Forward
Forward Time % Phy DF OF
1 Patrick Kane 60 0 5 0
2 Taylor Hall 40 0 5 0
Penalty Kill - 3 Players Defense
Defense Defense Time % Phy DF OF
1 Brandon Gormley Alexei Marchenko 60 0 5 0
2 Mike Green Shea Theodore 40 0 5 0
4 vs 4 Forward
Center Wing Time % Phy DF OF
1 Patrick Kane Taylor Hall 60 0 1 4
2 Nicklas Backstrom Marko Dano 40 0 1 4
4 vs 4 Defense
Defense Defense Time % Phy DF OF
1 Brandon Gormley Alexei Marchenko 60 0 2 3
2 Mike Green Shea Theodore 40 0 3 2
Last Minutes Offensive
Center Left Wing Right Wing Defense Defense
Nicklas Backstrom Taylor Hall Patrick Kane Brandon Gormley Alexei Marchenko
Last Minutes Defensive
Center Left Wing Right Wing Defense Defense
Nicklas Backstrom Taylor Hall Patrick Kane Brandon Gormley Alexei Marchenko
Goaltenders
Starting : Chet Pickard
Backup : Cory Schneider
Extra Forwards
Normal : Taylor Hall, Patrick Kane, Marko Dano - PP : Taylor Hall, Patrick Kane - PK : Patrick Kane
Extra Defensemen
Normal : Brandon Gormley, Shea Theodore, Alexei Marchenko - PP : Shea Theodore - PK : Alexei Marchenko, Brandon Gormley
Penalty Shots
Patrick Kane, Taylor Hall, Nicklas Backstrom, Marko Dano, Jeff Skinner
Custom OT Lines Forwards
Patrick Kane, Taylor Hall, Nicklas Backstrom, Marko Dano, Jeff Skinner, Cody Hodgson, Blake Pietila, Bobby Ryan, Joe Colborne, Nicolas Aube-Kubel
Custom OT Lines Defensemen
Brandon Gormley, Alexei Marchenko, Mike Green, Shea Theodore, Colten Teubert
Scratches
None
Penguins
5 vs 5 Forward
Center Left Wing Right Wing Time % Phy DF OF
1 John Tavares Kirill Kaprizov Mark Scheifele 40 1 2 2
2 Sebastian Aho Pavel Zacha Tom Wilson 30 1 2 2
3 Colin Wilson Marcus Foligno Brandon Tanev 20 1 2 2
4 Evan Rodrigues Iven Barbashev Mathew Barzal 10 1 2 2
5 vs 5 Defense
Defense Defense Time % Phy DF OF
1 Oscar Klefbom Aaron Ekblad 45 1 2 2
2 Keith Aulie Gavin Bayreuther 35 1 2 2
3 Nick Leddy John Marino 20 1 2 2
4 Oscar Klefbom Nick Leddy 0 1 2 2
PowerPlay Forward
Center Left Wing Right Wing Time % Phy DF OF
1 John Tavares Kirill Kaprizov Mark Scheifele 60 0 2 3
2 Sebastian Aho Pavel Zacha Tom Wilson 40 0 2 3
PowerPlay Defense
Defense Defense Time % Phy DF OF
1 Oscar Klefbom Aaron Ekblad 60 0 2 3
2 Keith Aulie Gavin Bayreuther 40 0 2 3
Penalty Kill 4 Players Forward
Center Wing Time % Phy DF OF
1 Mark Scheifele Marcus Foligno 60 1 3 1
2 John Tavares Brandon Tanev 40 1 3 1
Penalty Kill 4 Players Defense
Defense Defense Time % Phy DF OF
1 Oscar Klefbom Keith Aulie 60 1 2 2
2 Aaron Ekblad Nick Leddy 40 1 2 2
Penalty Kill - 3 Players Forward
Forward Time % Phy DF OF
1 Marcus Foligno 60 1 2 2
2 John Tavares 40 1 2 2
Penalty Kill - 3 Players Defense
Defense Defense Time % Phy DF OF
1 Oscar Klefbom Keith Aulie 60 1 2 2
2 Aaron Ekblad Nick Leddy 40 1 2 2
4 vs 4 Forward
Center Wing Time % Phy DF OF
1 John Tavares Mark Scheifele 60 1 2 2
2 Sebastian Aho Pavel Zacha 40 1 2 2
4 vs 4 Defense
Defense Defense Time % Phy DF OF
1 Oscar Klefbom Aaron Ekblad 50 1 2 2
2 Keith Aulie Gavin Bayreuther 50 1 2 2
Last Minutes Offensive
Center Left Wing Right Wing Defense Defense
John Tavares Marcus Foligno Mark Scheifele Oscar Klefbom Aaron Ekblad
Last Minutes Defensive
Center Left Wing Right Wing Defense Defense
John Tavares Marcus Foligno Tom Wilson Oscar Klefbom Keith Aulie
Goaltenders
Starting : Jeremy Swayman
Backup : James Reimer
Extra Forwards
Normal : Mark Scheifele, Sebastian Aho, Marcus Foligno - PP : Mark Scheifele, Pavel Zacha - PK : Marcus Foligno
Extra Defensemen
Normal : Oscar Klefbom, Aaron Ekblad, Keith Aulie - PP : Aaron Ekblad - PK : Oscar Klefbom, Keith Aulie
Penalty Shots
Mark Scheifele, John Tavares, Sebastian Aho, Kirill Kaprizov, Pavel Zacha
Custom OT Lines Forwards
John Tavares, Mark Scheifele, Sebastian Aho, Kirill Kaprizov, Pavel Zacha, Mathew Barzal, Marcus Foligno, Colin Wilson, Tom Wilson, Iven Barbashev
Custom OT Lines Defensemen
Aaron Ekblad, Oscar Klefbom, Keith Aulie, Nick Leddy, Gavin Bayreuther
Scratches
Nikita Tryamkin (Healthy)
% Time on Ice - Capitals
Lines # - Real PCT - Wanted PCT - Time Play
Normal Forward
1 - 32% - 40% - 15:24
2 - 28% - 30% - 13:13
3 - 27% - 20% - 12:59
4 - 13% - 10% - 6:16
Normal Defense
1 - 44% - 40% - 21:09
2 - 27% - 30% - 13:03
3 - 25% - 20% - 11:53
4 - 4% - 10% - 1:47
PP Forward
1 - 59% - 60% - 2:20
2 - 41% - 40% - 1:38
PP Defense
1 - 68% - 60% - 2:42
2 - 32% - 40% - 1:16
PK Forward
1 - 79% - 60% - 6:16
2 - 21% - 40% - 1:40
PK Defense
1 - 53% - 60% - 4:12
2 - 47% - 40% - 3:44
PK3 Forward
1 - 0% - 60%
2 - 0% - 40%
PK3 Defense
1 - 0% - 60%
2 - 0% - 40%
44 Forward
1 - 0% - 60%
2 - 0% - 40%
44 Defense
1 - 0% - 60%
2 - 0% - 40%
Last Minute Offensive - 0:14
Last Minute Defensive - 0:00
Total
Forward - 60:00
Defense - 60:00
|
% Time on Ice - Penguins
Lines # - Real PCT - Wanted PCT - Time Play
Normal Forward
1 - 31% - 40% - 14:48
2 - 33% - 30% - 15:44
3 - 20% - 20% - 9:27
4 - 16% - 10% - 7:53
Normal Defense
1 - 43% - 45% - 20:41
2 - 33% - 35% - 16:01
3 - 23% - 20% - 11:06
4 - 0% - 0% - 0:04
PP Forward
1 - 62% - 60% - 4:54
2 - 38% - 40% - 3:02
PP Defense
1 - 66% - 60% - 5:16
2 - 34% - 40% - 2:40
PK Forward
1 - 81% - 60% - 3:13
2 - 19% - 40% - 0:45
PK Defense
1 - 77% - 60% - 3:04
2 - 23% - 40% - 0:54
PK3 Forward
1 - 0% - 60%
2 - 0% - 40%
PK3 Defense
1 - 0% - 60%
2 - 0% - 40%
44 Forward
1 - 0% - 60%
2 - 0% - 40%
44 Defense
1 - 0% - 50%
2 - 0% - 50%
Last Minute Offensive - 0:00
Last Minute Defensive - 0:14
Total
Forward - 60:00
Defense - 60:00
|
Play-by-Play
1st period
0:01 of 1st period - Nicklas Backstrom wins face-off versus John Tavares in neutral zone.
0:23 of 1st period - Icing by Taylor Hall.
0:24 of 1st period - Sebastian Aho wins face-off versus Cody Hodgson in Capitals zone.
0:25 of 1st period - Wrist shot by Pavel Zacha.
0:25 of 1st period - Shot Misses the Net.
1:02 of 1st period - Slapshot by Phil Kessel.
1:02 of 1st period - Deflect By Keith Aulie.
1:02 of 1st period - Stopped by Jeremy Swayman with a rebound.
1:04 of 1st period - Slapshot by Sergey Kalinin.
1:04 of 1st period - Shot Misses the Net.
1:42 of 1st period - Wrist shot by Kirill Kaprizov.
1:42 of 1st period - Stopped by Chet Pickard without a rebound.
1:43 of 1st period - Cody Hodgson wins face-off versus Evan Rodrigues in Capitals zone.
1:50 of 1st period - Wrist shot by Cody Hodgson.
1:50 of 1st period - Stopped by Jeremy Swayman without a rebound.
1:51 of 1st period - Cody Hodgson wins face-off versus Evan Rodrigues in Penguins zone.
2:20 of 1st period - Wrist shot by Bobby Ryan.
2:20 of 1st period - Stopped by Jeremy Swayman with a rebound.
2:26 of 1st period - Wrist shot by Marko Dano.
2:26 of 1st period - Stopped by Jeremy Swayman with a rebound.
2:34 of 1st period - Snap shot by Bobby Ryan.
2:34 of 1st period - Deflect By Marko Dano.
2:34 of 1st period - Stopped by Jeremy Swayman without a rebound.
2:35 of 1st period - John Tavares wins face-off versus Nicklas Backstrom in Penguins zone.
2:53 of 1st period - Icing by Nick Leddy.
2:54 of 1st period - Joe Colborne wins face-off versus John Tavares in Penguins zone.
2:55 of 1st period - Wrist shot by Jeff Skinner.
2:55 of 1st period - Deflect By Joe Colborne.
2:55 of 1st period - Shot Misses the Net.
2:55 of 1st period - Puck is out of play.
2:56 of 1st period - John Tavares wins face-off versus Joe Colborne in Penguins zone.
3:22 of 1st period - Taylor Hall is hit by Marcus Foligno and loses puck.
3:35 of 1st period - Brandon Tanev is hit by Taylor Hall.
3:51 of 1st period - Slapshot by Blake Pietila.
3:51 of 1st period - Shot Blocked by Oscar Klefbom.
3:55 of 1st period - Snap shot by Blake Pietila.
3:55 of 1st period - Shot Blocked by Sebastian Aho.
3:57 of 1st period - Wrist shot by Sergey Kalinin.
3:57 of 1st period - Shot Misses the Net.
4:09 of 1st period - Snap shot by Oscar Klefbom.
4:09 of 1st period - Shot Misses the Net.
4:11 of 1st period - Snap shot by Iven Barbashev.
4:11 of 1st period - Stopped by Chet Pickard with a rebound.
5:08 of 1st period - Slapshot by Oscar Klefbom.
5:08 of 1st period - Shot Blocked by Brandon Burlon.
5:14 of 1st period - Backhand shot by Mathew Barzal.
5:14 of 1st period - Shot Misses the Net.
5:26 of 1st period - Slapshot by Iven Barbashev.
5:26 of 1st period - Stopped by Chet Pickard without a rebound.
5:27 of 1st period - Nicolas Aube-Kubel wins face-off versus John Tavares in Capitals zone.
5:44 of 1st period - Slapshot by John Tavares.
5:44 of 1st period - Shot Blocked by Nicolas Aube-Kubel.
6:01 of 1st period - Snap shot by Sebastian Aho.
6:01 of 1st period - Shot Misses the Net.
6:23 of 1st period - Wrist shot by Marcus Foligno.
6:23 of 1st period - Shot Misses the Net.
7:05 of 1st period - Snap shot by Marcus Foligno.
7:05 of 1st period - Shot Misses the Net.
7:27 of 1st period - Blake Pietila is hit by Tom Wilson and loses puck.
7:38 of 1st period - Phil Kessel is hit by Nick Leddy and loses puck.
8:05 of 1st period - Brandon Burlon is hit by John Tavares and loses puck.
8:16 of 1st period - Slapshot by Bobby Ryan.
8:16 of 1st period - Stopped by Jeremy Swayman without a rebound.
8:17 of 1st period - Evan Rodrigues wins face-off versus Nicklas Backstrom in Penguins zone.
8:50 of 1st period - Snap shot by Oscar Klefbom.
8:50 of 1st period - Stopped by Chet Pickard with a rebound.
8:52 of 1st period - Wrist shot by Mathew Barzal.
8:52 of 1st period - Stopped by Chet Pickard without a rebound.
8:53 of 1st period - Nicklas Backstrom wins face-off versus John Tavares in Capitals zone.
9:25 of 1st period - Snap shot by Cody Hodgson.
9:25 of 1st period - Shot Misses the Net.
9:27 of 1st period - Slapshot by Mike Green.
9:27 of 1st period - Shot Misses the Net.
10:26 of 1st period - Taylor Hall is hit by Oscar Klefbom and loses puck.
11:04 of 1st period - Slapshot by Keith Aulie.
11:04 of 1st period - Stopped by Chet Pickard with a rebound.
11:06 of 1st period - Wrist shot by Gavin Bayreuther.
11:06 of 1st period - Deflect By Marcus Foligno.
11:06 of 1st period - Shot Hit the Post.
11:06 of 1st period - Puck is out of play.
11:07 of 1st period - John Tavares wins face-off versus Nicklas Backstrom in Capitals zone.
11:22 of 1st period - Snap shot by John Tavares.
11:22 of 1st period - Shot Misses the Net.
11:24 of 1st period - Slapshot by Oscar Klefbom.
11:24 of 1st period - Stopped by Chet Pickard without a rebound.
11:25 of 1st period - Cody Hodgson wins face-off versus Sebastian Aho in Capitals zone.
11:25 of 1st period - Marko Dano is hit by Aaron Ekblad and loses puck.
11:28 of 1st period - Minor Penalty to Bobby Ryan for High sticking.
11:29 of 1st period - Patrick Kane wins face-off versus John Tavares in Capitals zone.
11:42 of 1st period - Slapshot by Mark Scheifele.
11:42 of 1st period - Shot Misses the Net.
13:16 of 1st period - Aaron Ekblad is hit by Nicklas Backstrom and loses puck.
13:28 of 1st period - Penalty to Bobby Ryan is over, Bobby Ryan is back on ice.
14:19 of 1st period - Slapshot by Oscar Klefbom.
14:19 of 1st period - Stopped by Chet Pickard without a rebound.
14:20 of 1st period - Sergey Kalinin wins face-off versus Colin Wilson in Capitals zone.
14:33 of 1st period - Wrist shot by Phil Kessel.
14:33 of 1st period - Stopped by Jeremy Swayman with a rebound.
14:35 of 1st period - Slapshot by Mike Green.
14:35 of 1st period - Stopped by Jeremy Swayman with a rebound.
14:37 of 1st period - Wrist shot by Blake Pietila.
14:37 of 1st period - Deflect By Phil Kessel.
14:37 of 1st period - Shot Misses the Net.
14:37 of 1st period - Puck is out of play.
14:38 of 1st period - John Tavares wins face-off versus Nicklas Backstrom in Penguins zone.
15:30 of 1st period - Colten Teubert is hit by Marcus Foligno and loses puck.
15:39 of 1st period - Backhand shot by Marcus Foligno.
15:39 of 1st period - Shot Misses the Net.
15:56 of 1st period - Blake Pietila is hit by Mark Scheifele and loses puck.
16:58 of 1st period - Keith Aulie is hit by Brandon Gormley and loses puck.
17:48 of 1st period - Off-side.
17:49 of 1st period - John Tavares wins face-off versus Taylor Hall in neutral zone.
17:54 of 1st period - Alexei Marchenko is hit by Mark Scheifele and loses puck.
18:02 of 1st period - Snap shot by Patrick Kane.
18:02 of 1st period - Shot Misses the Net.
18:42 of 1st period - Wrist shot by Taylor Hall.
18:42 of 1st period - Stopped by Jeremy Swayman with a rebound.
18:44 of 1st period - Backhand shot by Nicklas Backstrom.
18:44 of 1st period - Shot Misses the Net.
18:46 of 1st period - Slapshot by Mike Green.
18:46 of 1st period - Stopped by Jeremy Swayman without a rebound.
18:47 of 1st period - Joe Colborne wins face-off versus Sebastian Aho in Penguins zone.
18:58 of 1st period - Slapshot by Joe Colborne.
18:58 of 1st period - Stopped by Jeremy Swayman without a rebound.
18:59 of 1st period - Sebastian Aho wins face-off versus Joe Colborne in Penguins zone.
18:59 of 1st period - Sebastian Aho is hit by Joe Colborne.
19:02 of 1st period - Minor Penalty to Sebastian Aho for Holding.
19:03 of 1st period - Patrick Kane wins face-off versus Mark Scheifele in Penguins zone.
19:15 of 1st period - Slapshot by Taylor Hall.
19:15 of 1st period - Stopped by Jeremy Swayman with a rebound.
19:17 of 1st period - Wrist shot by Taylor Hall.
19:17 of 1st period - Shot Blocked by Keith Aulie.
19:19 of 1st period - Wrist shot by Patrick Kane.
19:19 of 1st period - Stopped by Jeremy Swayman with a rebound.
19:35 of 1st period - Slapshot by Brandon Gormley.
19:35 of 1st period - Shot Blocked by Keith Aulie.
Goals for this period are 0 for Capitals vs 0 for Penguins.
Shots for this period are 13 for Capitals vs 8 for Penguins.
2nd period
0:01 of 2nd period - Mark Scheifele wins face-off versus Nicklas Backstrom in neutral zone.
0:26 of 2nd period - Keith Aulie is hit by Marko Dano and loses puck.
1:02 of 2nd period - Penalty to Sebastian Aho is over, Sebastian Aho is back on ice.
1:37 of 2nd period - Wrist shot by Brandon Tanev.
1:37 of 2nd period - Shot Misses the Net.
1:39 of 2nd period - Wrist shot by Marcus Foligno.
1:39 of 2nd period - Deflect By Colin Wilson.
1:39 of 2nd period - Shot Misses the Net.
1:39 of 2nd period - Puck is out of play.
1:40 of 2nd period - Colin Wilson wins face-off versus Cody Hodgson in Capitals zone.
1:43 of 2nd period - Slapshot by Marcus Foligno.
1:43 of 2nd period - Stopped by Chet Pickard with a rebound.
1:45 of 2nd period - Slapshot by Nick Leddy.
1:45 of 2nd period - Shot Blocked by Brandon Gormley.
1:47 of 2nd period - Wrist shot by Marcus Foligno.
1:47 of 2nd period - Shot Misses the Net.
1:49 of 2nd period - Slapshot by Marcus Foligno.
1:49 of 2nd period - Stopped by Chet Pickard with a rebound.
1:51 of 2nd period - Wrist shot by John Marino.
1:51 of 2nd period - Stopped by Chet Pickard with a rebound.
2:05 of 2nd period - Wrist shot by Taylor Hall.
2:05 of 2nd period - Shot Misses the Net.
2:07 of 2nd period - Slapshot by Colten Teubert.
2:07 of 2nd period - Stopped by Jeremy Swayman with a rebound.
2:26 of 2nd period - Wrist shot by Mark Scheifele.
2:26 of 2nd period - Shot Misses the Net.
2:28 of 2nd period - Wrist shot by John Marino.
2:28 of 2nd period - Stopped by Chet Pickard with a rebound.
2:30 of 2nd period - Slapshot by John Marino.
2:30 of 2nd period - Shot Blocked by Sergey Kalinin.
2:59 of 2nd period - Icing by Evan Rodrigues.
3:00 of 2nd period - Cody Hodgson wins face-off versus Colin Wilson in Penguins zone.
3:17 of 2nd period - Wrist shot by Marko Dano.
3:17 of 2nd period - Shot Misses the Net.
3:27 of 2nd period - Snap shot by John Tavares.
3:27 of 2nd period - Shot Misses the Net.
3:59 of 2nd period - Wrist shot by Pavel Zacha.
3:59 of 2nd period - Shot Blocked by Shea Theodore.
4:04 of 2nd period - Icing by Nicolas Aube-Kubel.
4:05 of 2nd period - Jeff Skinner wins face-off versus John Tavares in Capitals zone.
4:14 of 2nd period - Slapshot by Mark Scheifele.
4:14 of 2nd period - Stopped by Chet Pickard with a rebound.
4:30 of 2nd period - Slapshot by Shea Theodore.
4:30 of 2nd period - Deflect By Jeff Skinner.
4:30 of 2nd period - Stopped by Jeremy Swayman with a rebound.
4:32 of 2nd period - Backhand shot by Mike Green.
4:32 of 2nd period - Shot Misses the Net.
4:34 of 2nd period - Wrist shot by Mike Green.
4:34 of 2nd period - Shot Misses the Net.
4:36 of 2nd period - Snap shot by Nicolas Aube-Kubel.
4:36 of 2nd period - Shot Misses the Net.
4:40 of 2nd period - Wrist shot by Jeff Skinner.
4:40 of 2nd period - Shot Misses the Net.
4:42 of 2nd period - Snap shot by Jeff Skinner.
4:42 of 2nd period - Shot Misses the Net.
4:44 of 2nd period - Slapshot by Jeff Skinner.
4:44 of 2nd period - Stopped by Jeremy Swayman without a rebound.
4:45 of 2nd period - Sebastian Aho wins face-off versus Nicklas Backstrom in Penguins zone.
4:50 of 2nd period - Nicklas Backstrom is hit by Pavel Zacha.
4:56 of 2nd period - Snap shot by Patrick Kane.
4:56 of 2nd period - Deflect By Nicklas Backstrom.
4:56 of 2nd period - Goal by Nicklas Backstrom - Capitals : 1 - Penguins : 0.
4:57 of 2nd period - Nicklas Backstrom wins face-off versus Mark Scheifele in neutral zone.
5:14 of 2nd period - Wrist shot by Patrick Kane.
5:14 of 2nd period - Stopped by Jeremy Swayman with a rebound.
5:55 of 2nd period - Wrist shot by Phil Kessel.
5:55 of 2nd period - Stopped by Jeremy Swayman without a rebound.
5:56 of 2nd period - John Tavares wins face-off versus Nicklas Backstrom in Penguins zone.
6:01 of 2nd period - Backhand shot by Gavin Bayreuther.
6:01 of 2nd period - Shot Blocked by Shea Theodore.
6:08 of 2nd period - Icing by Keith Aulie.
6:09 of 2nd period - Nicklas Backstrom wins face-off versus John Tavares in Penguins zone.
6:22 of 2nd period - Wrist shot by Mark Scheifele.
6:22 of 2nd period - Stopped by Chet Pickard with a rebound.
6:44 of 2nd period - Snap shot by Marko Dano.
6:44 of 2nd period - Shot Blocked by Gavin Bayreuther.
6:46 of 2nd period - Slapshot by Shea Theodore.
6:46 of 2nd period - Shot Blocked by Keith Aulie.
7:02 of 2nd period - Snap shot by Brandon Tanev.
7:02 of 2nd period - Goal by Brandon Tanev - Capitals : 1 - Penguins : 1.
7:03 of 2nd period - John Tavares wins face-off versus Nicklas Backstrom in neutral zone.
7:06 of 2nd period - Brandon Gormley is hit by Kirill Kaprizov and loses puck.
7:15 of 2nd period - Wrist shot by Taylor Hall.
7:15 of 2nd period - Stopped by Jeremy Swayman with a rebound.
7:17 of 2nd period - Wrist shot by Nicklas Backstrom.
7:17 of 2nd period - Shot Misses the Net.
7:19 of 2nd period - Snap shot by Nicklas Backstrom.
7:19 of 2nd period - Stopped by Jeremy Swayman with a rebound.
7:26 of 2nd period - Icing by Kirill Kaprizov.
7:27 of 2nd period - Cody Hodgson wins face-off versus John Tavares in Penguins zone.
7:40 of 2nd period - Shea Theodore is hit by Mark Scheifele and loses puck.
8:05 of 2nd period - Mark Scheifele is hit by Joe Colborne and loses puck.
8:14 of 2nd period - Backhand shot by John Tavares.
8:14 of 2nd period - Stopped by Chet Pickard without a rebound.
8:15 of 2nd period - Sebastian Aho wins face-off versus Nicklas Backstrom in Capitals zone.
8:28 of 2nd period - Snap shot by Oscar Klefbom.
8:28 of 2nd period - Stopped by Chet Pickard with a rebound.
8:30 of 2nd period - Wrist shot by Tom Wilson.
8:30 of 2nd period - Stopped by Chet Pickard with a rebound.
8:40 of 2nd period - Patrick Kane is hit by Iven Barbashev and loses puck.
8:45 of 2nd period - Slapshot by Mathew Barzal.
8:45 of 2nd period - Shot Hit the Post.
8:47 of 2nd period - Wrist shot by Iven Barbashev.
8:47 of 2nd period - Shot Misses the Net.
9:23 of 2nd period - Keith Aulie is hit by Brandon Burlon and loses puck.
9:48 of 2nd period - Slapshot by Evan Rodrigues.
9:48 of 2nd period - Stopped by Chet Pickard without a rebound.
9:49 of 2nd period - Evan Rodrigues wins face-off versus Cody Hodgson in Capitals zone.
10:12 of 2nd period - Shea Theodore is hit by Iven Barbashev and loses puck.
10:23 of 2nd period - Slapshot by Shea Theodore.
10:23 of 2nd period - Stopped by Jeremy Swayman with a rebound.
10:25 of 2nd period - Wrist shot by Marko Dano.
10:25 of 2nd period - Stopped by Jeremy Swayman with a rebound.
10:27 of 2nd period - Snap shot by Cody Hodgson.
10:27 of 2nd period - Stopped by Jeremy Swayman with a rebound.
10:29 of 2nd period - Slapshot by Mike Green.
10:29 of 2nd period - Deflect By Mathew Barzal.
10:29 of 2nd period - Stopped by Jeremy Swayman without a rebound.
10:30 of 2nd period - John Tavares wins face-off versus Nicklas Backstrom in Penguins zone.
11:01 of 2nd period - Snap shot by Nick Leddy.
11:01 of 2nd period - Deflect By Tom Wilson.
11:01 of 2nd period - Shot Misses the Net.
11:01 of 2nd period - Puck is out of play.
11:02 of 2nd period - Sebastian Aho wins face-off versus Cody Hodgson in Capitals zone.
11:51 of 2nd period - Slapshot by Sebastian Aho.
11:51 of 2nd period - Shot Blocked by Brandon Burlon.
11:53 of 2nd period - Wrist shot by John Marino.
11:53 of 2nd period - Stopped by Chet Pickard without a rebound.
11:54 of 2nd period - John Tavares wins face-off versus Cody Hodgson in Capitals zone.
12:01 of 2nd period - Wrist shot by Mark Scheifele.
12:01 of 2nd period - Deflect By Kirill Kaprizov.
12:01 of 2nd period - Stopped by Chet Pickard without a rebound.
12:02 of 2nd period - John Tavares wins face-off versus Cody Hodgson in Capitals zone.
12:36 of 2nd period - Snap shot by Mark Scheifele.
12:36 of 2nd period - Shot Misses the Net.
12:52 of 2nd period - Slapshot by John Tavares.
12:52 of 2nd period - Goal by John Tavares - Capitals : 1 - Penguins : 2.
12:53 of 2nd period - Nicklas Backstrom wins face-off versus Sebastian Aho in neutral zone.
12:55 of 2nd period - Minor Penalty to Taylor Hall for Cross-checking.
12:56 of 2nd period - Patrick Kane wins face-off versus John Tavares in Capitals zone.
12:56 of 2nd period - Patrick Kane is hit by Kirill Kaprizov.
13:01 of 2nd period - Aaron Ekblad is hit by Alexei Marchenko and loses puck.
14:10 of 2nd period - Mike Green is hit by Mark Scheifele and loses puck.
14:53 of 2nd period - Mark Scheifele is hit by Marko Dano and loses puck.
14:55 of 2nd period - Penalty to Taylor Hall is over, Taylor Hall is back on ice.
15:44 of 2nd period - Mike Green is hit by John Marino and loses puck.
16:54 of 2nd period - Snap shot by Patrick Kane.
16:54 of 2nd period - Goal by Patrick Kane - Capitals : 2 - Penguins : 2.
16:55 of 2nd period - John Tavares wins face-off versus Nicklas Backstrom in neutral zone.
17:08 of 2nd period - Slapshot by John Tavares.
17:08 of 2nd period - Stopped by Chet Pickard without a rebound.
17:09 of 2nd period - Nicklas Backstrom wins face-off versus John Tavares in Capitals zone.
17:36 of 2nd period - Oscar Klefbom is hit by Shea Theodore and loses puck.
18:34 of 2nd period - Slapshot by Keith Aulie.
18:34 of 2nd period - Deflect By Marcus Foligno.
18:34 of 2nd period - Shot Misses the Net.
18:34 of 2nd period - Puck is out of play.
18:35 of 2nd period - Nicklas Backstrom wins face-off versus John Tavares in Capitals zone.
18:42 of 2nd period - Snap shot by John Tavares.
18:42 of 2nd period - Goal by John Tavares - Capitals : 2 - Penguins : 3.
18:43 of 2nd period - John Tavares wins face-off versus Nicklas Backstrom in neutral zone.
18:46 of 2nd period - Brandon Gormley is hit by John Tavares and loses puck.
19:32 of 2nd period - Slapshot by Mike Green.
19:32 of 2nd period - Deflect By Gavin Bayreuther.
19:32 of 2nd period - Stopped by Jeremy Swayman without a rebound.
19:33 of 2nd period - Joe Colborne wins face-off versus Colin Wilson in Penguins zone.
19:46 of 2nd period - Wrist shot by Nicolas Aube-Kubel.
19:46 of 2nd period - Deflect By Jeff Skinner.
19:46 of 2nd period - Shot Misses the Net.
19:46 of 2nd period - Puck is out of play.
19:47 of 2nd period - Nicklas Backstrom wins face-off versus Mark Scheifele in Penguins zone.
19:50 of 2nd period - Snap shot by Patrick Kane.
19:50 of 2nd period - Stopped by Jeremy Swayman with a rebound.
19:52 of 2nd period - Slapshot by Nicklas Backstrom.
19:52 of 2nd period - Shot Blocked by Oscar Klefbom.
19:54 of 2nd period - Snap shot by Patrick Kane.
19:54 of 2nd period - Shot Misses the Net.
19:56 of 2nd period - Slapshot by Brandon Gormley.
19:56 of 2nd period - Stopped by Jeremy Swayman without a rebound.
19:57 of 2nd period - John Tavares wins face-off versus Nicklas Backstrom in Penguins zone.
Goals for this period are 2 for Capitals vs 3 for Penguins.
Shots for this period are 16 for Capitals vs 16 for Penguins.
3rd period
0:01 of 3rd period - Nicklas Backstrom wins face-off versus John Tavares in neutral zone.
0:16 of 3rd period - Snap shot by Taylor Hall.
0:16 of 3rd period - Shot Blocked by Aaron Ekblad.
1:31 of 3rd period - Minor Penalty to Phil Kessel for Roughing.
1:32 of 3rd period - Patrick Kane wins face-off versus John Tavares in Capitals zone.
1:47 of 3rd period - Snap shot by Kirill Kaprizov.
1:47 of 3rd period - Shot Blocked by Shea Theodore.
2:03 of 3rd period - Slapshot by Tom Wilson.
2:03 of 3rd period - Shot Misses the Net.
3:31 of 3rd period - Penalty to Phil Kessel is over, Phil Kessel is back on ice.
3:32 of 3rd period - Icing by Oscar Klefbom.
3:33 of 3rd period - Mark Scheifele wins face-off versus Joe Colborne in Penguins zone.
3:41 of 3rd period - Icing by Colten Teubert.
3:42 of 3rd period - Joe Colborne wins face-off versus Colin Wilson in Capitals zone.
4:13 of 3rd period - Slapshot by John Marino.
4:13 of 3rd period - Deflect By Patrick Kane.
4:13 of 3rd period - Stopped by Chet Pickard with a rebound.
5:46 of 3rd period - Blake Pietila is hit by Brandon Tanev and loses puck.
6:21 of 3rd period - Brandon Gormley is hit by Pavel Zacha and loses puck.
6:34 of 3rd period - Minor Penalty to Taylor Hall for Interference.
6:35 of 3rd period - Patrick Kane wins face-off versus John Tavares in Capitals zone.
6:46 of 3rd period - Slapshot by Brandon Gormley.
6:46 of 3rd period - Stopped by Jeremy Swayman with a rebound.
6:52 of 3rd period - Wrist shot by Mark Scheifele.
6:52 of 3rd period - Stopped by Chet Pickard without a rebound.
6:53 of 3rd period - Patrick Kane wins face-off versus Sebastian Aho in Capitals zone.
7:02 of 3rd period - Snap shot by Blake Pietila.
7:02 of 3rd period - Shot Misses the Net.
7:04 of 3rd period - Slapshot by Brandon Gormley.
7:04 of 3rd period - Shot Misses the Net.
7:43 of 3rd period - Icing by Aaron Ekblad.
7:44 of 3rd period - John Tavares wins face-off versus Patrick Kane in Penguins zone.
8:34 of 3rd period - Penalty to Taylor Hall is over, Taylor Hall is back on ice.
8:36 of 3rd period - Snap shot by John Tavares.
8:36 of 3rd period - Shot Blocked by Shea Theodore.
8:38 of 3rd period - Slapshot by Oscar Klefbom.
8:38 of 3rd period - Stopped by Chet Pickard without a rebound.
8:39 of 3rd period - Nicklas Backstrom wins face-off versus Pavel Zacha in Capitals zone.
8:44 of 3rd period - Slapshot by Brandon Gormley.
8:44 of 3rd period - Shot Misses the Net.
8:46 of 3rd period - Wrist shot by Alexei Marchenko.
8:46 of 3rd period - Shot Misses the Net.
8:48 of 3rd period - Snap shot by Taylor Hall.
8:48 of 3rd period - Stopped by Jeremy Swayman with a rebound.
9:21 of 3rd period - Keith Aulie is hit by Sergey Kalinin.
9:25 of 3rd period - Phil Kessel is hit by Colin Wilson and loses puck.
11:02 of 3rd period - Mike Green is hit by John Tavares and loses puck.
11:46 of 3rd period - Icing by Mark Scheifele.
11:47 of 3rd period - Cody Hodgson wins face-off versus John Tavares in Penguins zone.
11:48 of 3rd period - Snap shot by Marko Dano.
11:48 of 3rd period - Stopped by Jeremy Swayman without a rebound.
11:49 of 3rd period - Sebastian Aho wins face-off versus Marko Dano in Penguins zone.
12:20 of 3rd period - Snap shot by Joe Colborne.
12:20 of 3rd period - Stopped by Jeremy Swayman with a rebound.
12:22 of 3rd period - Snap shot by Joe Colborne.
12:22 of 3rd period - Shot Blocked by Tom Wilson.
12:24 of 3rd period - Wrist shot by Nicolas Aube-Kubel.
12:24 of 3rd period - Shot Misses the Net.
12:48 of 3rd period - Slapshot by Mark Scheifele.
12:48 of 3rd period - Stopped by Chet Pickard without a rebound.
12:49 of 3rd period - John Tavares wins face-off versus Nicklas Backstrom in Capitals zone.
12:50 of 3rd period - Slapshot by Mark Scheifele.
12:50 of 3rd period - Deflect By John Tavares.
12:50 of 3rd period - Shot Misses the Net.
12:50 of 3rd period - Puck is out of play.
12:51 of 3rd period - John Tavares wins face-off versus Nicklas Backstrom in Capitals zone.
13:37 of 3rd period - Off-side.
13:38 of 3rd period - Sebastian Aho wins face-off versus Joe Colborne in neutral zone.
14:10 of 3rd period - Wrist shot by Mark Scheifele.
14:10 of 3rd period - Shot Blocked by Mike Green.
14:12 of 3rd period - Slapshot by Aaron Ekblad.
14:12 of 3rd period - Stopped by Chet Pickard without a rebound.
14:13 of 3rd period - John Tavares wins face-off versus Nicklas Backstrom in Capitals zone.
14:16 of 3rd period - Snap shot by John Tavares.
14:16 of 3rd period - Stopped by Chet Pickard with a rebound.
14:23 of 3rd period - Minor Penalty to Keith Aulie for High sticking.
14:24 of 3rd period - Nicklas Backstrom wins face-off versus Mark Scheifele in Penguins zone.
14:37 of 3rd period - Snap shot by Patrick Kane.
14:37 of 3rd period - Stopped by Jeremy Swayman with a rebound.
14:39 of 3rd period - Slapshot by Nicklas Backstrom.
14:39 of 3rd period - Stopped by Jeremy Swayman with a rebound.
14:41 of 3rd period - Snap shot by Nicklas Backstrom.
14:41 of 3rd period - Stopped by Jeremy Swayman without a rebound.
14:42 of 3rd period - Mark Scheifele wins face-off versus Bobby Ryan in Penguins zone.
14:57 of 3rd period - Slapshot by Marko Dano.
14:57 of 3rd period - Deflect By Cody Hodgson.
14:57 of 3rd period - Shot Misses the Net.
14:57 of 3rd period - Puck is out of play.
14:58 of 3rd period - Mark Scheifele wins face-off versus Nicklas Backstrom in Penguins zone.
16:23 of 3rd period - Penalty to Keith Aulie is over, Keith Aulie is back on ice.
16:35 of 3rd period - Brandon Burlon is hit by Sebastian Aho and loses puck.
16:42 of 3rd period - Snap shot by Pavel Zacha.
16:42 of 3rd period - Stopped by Chet Pickard without a rebound.
16:43 of 3rd period - Sergey Kalinin wins face-off versus Sebastian Aho in Capitals zone.
16:48 of 3rd period - Slapshot by Gavin Bayreuther.
16:48 of 3rd period - Stopped by Chet Pickard without a rebound.
16:49 of 3rd period - Sergey Kalinin wins face-off versus Sebastian Aho in Capitals zone.
17:02 of 3rd period - Snap shot by Sebastian Aho.
17:02 of 3rd period - Shot Misses the Net.
17:04 of 3rd period - Wrist shot by Gavin Bayreuther.
17:04 of 3rd period - Deflect By Brandon Gormley.
17:04 of 3rd period - Stopped by Chet Pickard without a rebound.
17:05 of 3rd period - Joe Colborne wins face-off versus Colin Wilson in Capitals zone.
17:30 of 3rd period - Jeff Skinner is hit by Gavin Bayreuther and loses puck.
18:11 of 3rd period - Snap shot by Joe Colborne.
18:11 of 3rd period - Shot Misses the Net.
18:33 of 3rd period - Snap shot by Joe Colborne.
18:33 of 3rd period - Shot Blocked by Aaron Ekblad.
18:41 of 3rd period - Wrist shot by Jeff Skinner.
18:41 of 3rd period - Stopped by Jeremy Swayman with a rebound.
18:43 of 3rd period - Slapshot by Brandon Gormley.
18:43 of 3rd period - Stopped by Jeremy Swayman with a rebound.
18:45 of 3rd period - Capitals, Chet Pickard is pulled from the net.
18:47 of 3rd period - Wrist shot by Jeff Skinner.
18:47 of 3rd period - Shot Blocked by Tom Wilson.
18:49 of 3rd period - Slapshot by Brandon Gormley.
18:49 of 3rd period - Stopped by Jeremy Swayman with a rebound.
19:11 of 3rd period - Snap shot by Joe Colborne.
19:11 of 3rd period - Stopped by Jeremy Swayman with a rebound.
19:13 of 3rd period - Wrist shot by Jeff Skinner.
19:13 of 3rd period - Stopped by Jeremy Swayman with a rebound.
19:45 of 3rd period - Slapshot by Joe Colborne.
19:45 of 3rd period - Stopped by Jeremy Swayman without a rebound.
19:46 of 3rd period - Jacques Lemaire call a timeout for Capitals.
19:46 of 3rd period - Patrick Kane wins face-off versus John Tavares in Penguins zone.
Goals for this period are 0 for Capitals vs 0 for Penguins.
Shots for this period are 13 for Capitals vs 9 for Penguins.